 Dungeon Crawl Stone Soup version 0.30-a0-389-g8d7d949f56 (webtiles) character file.

Game seed: 15939166526064047203

53 pokeman the Magician (level 3, -1/20 HPs)
             Began as a Deep Elf Hedge Wizard on Dec 4, 2022.
             Slain by a worm (11 damage)
             ... on level 2 of the Dungeon.
             The game lasted 00:02:32 (2142 turns).

pokeman the Magician (Deep Elf Hedge Wizard)        Turns: 2142, Time: 00:02:33

Health: -1/20      AC:  3    Str:  7    XL:     3   Next: 64%
Magic:  7/11       EV: 12    Int: 20    God:
Gold:   100        SH:  0    Dex: 14    Spells: 4/12 levels left

rFire   . . .      SeeInvis .    f - +1 short sword (flame)
rCold   . . .      Faith    .    (no shield)
rNeg    + . .      Spirit   .    b - +0 robe
rPois   .          Reflect  .    c - +0 hat
rElec   .          Harm     .    s - +0 cloak
rCorr   .          Rampage  .    (no gloves)
Will    .....                    (no boots)
Stlth   ++........               (no amulet)
HPRegen 0.23/turn                l - ring of positive energy
MPRegen 0.12/turn                (no ring)

@: no status effects
A: no striking features
a: no special abilities


You were on level 2 of the Dungeon.
You visited 1 branch of the dungeon, and saw 2 of its levels.

You collected 130 gold pieces.
You spent 30 gold pieces at shops.

Inventory:

Hand Weapons
 f - a +1 short sword of flaming (weapon)
Armour
 b - a +0 robe (worn)
 c - a +0 hat (worn)
 s - a +0 cloak (worn)
Jewellery
 l - a ring of positive energy (left hand)
Scrolls
 a - 2 scrolls of identify
 e - 2 scrolls of butterflies {unknown}
 i - a scroll of enchant armour {unknown}
 j - a scroll of vulnerability {unknown}
 n - a scroll of teleportation {unknown}
 o - a scroll of poison {unknown}
Potions
 d - a potion of magic
 g - a potion of invisibility {unknown}
 h - a potion of berserk rage {unknown}
 k - a potion of flight {unknown}
 m - 2 potions of heal wounds {unknown}
 p - a potion of might {unknown}
 q - a potion of mutation {unknown}
 r - a potion of ambrosia {unknown}


   Skills:
 - Level 1.0 Fighting
 - Level 1.0 Armour
 + Level 2.4 Dodging
 + Level 2.4 Stealth
 * Level 5.3 Spellcasting
 + Level 2.0 Conjurations
 - Level 1.1 Summonings
 - Level 1.1 Translocations


You had 4 spell levels left.
You knew the following spells:

 Your Spells              Type           Power      Damage    Failure   Level
a - Magic Dart            Conj           52%        1d5       4%          1
b - Mephitic Cloud        Conj/Pois/Air  8%         N/A       26%         3
c - Call Imp              Summ           9%         N/A       11%         2
d - Blink                 Tloc           18%        N/A       11%         2

Your spell library contained the following spells:

 Spells                   Type           Power      Damage    Failure   Level
 Slow                     Hex            20%        N/A       12%         1
 Cigotuvi's Dreadful Rot  Necr/Pois/Air  10%        N/A       17%         2


Dungeon Overview and Level Annotations

Branches:
Dungeon (2/15)

Altars:
Elyvilon

Shops:
D:1 ?


Message History

You see here a +0 cloak.
s - a +0 cloak You start putting on your armour.
You continue putting on your +0 cloak. x4
You finish putting on your +0 cloak.
You open the door.
A kobold and a worm come into view.
The kobold moves out of view.
Found 2 stones, a book of Hexes, a ruby ring and a book of Blood.
Casting: Magic Dart (safe; 4% risk of failure)
Confirm with . or Enter, or press ? or * to list all spells.
The spell is extremely dangerous to miscast (26% risk of failure)!
Continue anyway?
Aiming: Mephitic Cloud (extremely dangerous; 26% risk of failure)
Press: ? - help, Shift-Dir - straight line, f - worm
Aim: a worm (chance to affect: 81%)
The ball explodes into a vile cloud!
The stinking cloud engulfs the worm but does no damage.
The worm is engulfed in noxious fumes.
The worm appears confused.
Unknown command.
Unknown command.
There is an open door here.
Casting: Mephitic Cloud (extremely dangerous; 26% risk of failure)
Confirm with . or Enter, or press ? or * to list all spells.
A beastly little devil appears in a puff of flame.
The kobold barely misses your crimson imp.
The worm bites you!
Your crimson imp hits the kobold but does no damage.
You see here a +4 ring of protection.
You hit the worm. You burn the worm.
The worm is lightly wounded.
The worm bites you.
Your crimson imp barely misses the kobold.
You hit the worm. You burn the worm.
The worm is heavily wounded.
The worm seems less confused.
You completely miss the worm.
The worm is heavily wounded.
The kobold screams, "I'll kill you anyway!"
The worm bites you!
Ouch! That really hurt!
You die...

#####..............#
###..........#######.#
#####...###.###### #.#
##...##(...###...##### #.####
##.....##...##.....##.## #.....
#.......#...#.......#..########
#.......'...'.5..(..#...#
#.......#...#K:.....#...#
##.....##...##@w:..##...## ###
##...###...###...###....# #..
##### #.).# #### #.##.####.#
##...###...# ####.......
##.....##...# ######.#
#.......#...# ##.#
#.......†...+ ##.#.
#.......#...# #######.###
####.....##...# #......## #


You could see a worm, a kobold (confused, ally target) and a friendly crimson
imp (summoned).

Vanquished Creatures
  An adder (D:2)
  A dart slug (D:2)
  2 ball pythons (D:2)
  4 endoplasms
  3 giant cockroaches
  2 goblins (D:1)
  4 hobgoblins
  6 kobolds
  10 bats
  5 frilled lizards
  3 rats
41 creatures vanquished.

Notes
Turn   | Place    | Note
-------+----------+-------------------------------------------
     0 | D:1      | pokeman the Deep Elf Hedge Wizard began the quest for the
                  | Orb.
     0 | D:1      | Reached XP level 1. HP: 10/10 MP: 7/7
   212 | D:1      | Reached XP level 2. HP: 16/16 MP: 7/9
   746 | D:1      | Reached skill level 5 in Spellcasting
   993 | D:1      | Found Giemut's Magic Scroll Emporium.
  1026 | D:1      | Bought a scroll of noise for 10 gold pieces
  1026 | D:1      | Bought a scroll of identify for 20 gold pieces
  1364 | D:2      | Found a white marble altar of Elyvilon.
  1399 | D:2      | Reached XP level 3. HP: 20/20 MP: 8/11
  1406 | D:2      | Learned a level 3 spell: Mephitic Cloud
  1410 | D:2      | Learned a level 2 spell: Call Imp
  1413 | D:2      | Learned a level 2 spell: Blink
  1668 | D:2      | Identified the +5 dagger of Cat Syot {venom, +Blink}
  1927 | D:2      | Reached skill level 1 in Armour
  1930 | D:2      | Reached skill level 1 in Fighting
  2142 | D:2      | Slain by a worm

Illustrated notes

Levels and vault maps discovered:
D:1:      dpeg_arrival_simpleton_b, layout_basic, serial_shops,
          nicolae_shop_trees, minmay_misc_feat_diagonals, serial_bayou_lagoon_b
D:2:      kennysheep_six_static_rooms, layout_loops_ring, basic_altar

Skill      XL: |  1  2  3 |
---------------+----------+-----
Spellcasting   | 5 |  5.3
Conjurations   | 2 |  2.0
Armour         | 1 |  1.0
Fighting       | 1 |  1.0
Dodging        | |  2.4
Stealth        | |  2.4
Summonings     | |  1.1
Translocations | |  1.1

Action                   || total
-------------------------++-------
Melee: Dagger            ||    21
       Short sword       ||     4
 Cast: Magic Dart        ||    86
       Mephitic Cloud    ||     1
       Call Imp          ||     1
Armor: Robe              ||    19
Dodge: Dodged            ||    33

Table legend: (Time is in decaauts)
 A = Elapsed time spent in this place.
 B = Non-inter-level travel time spent in this place.
 C = Inter-level travel time spent in this place.
 D = Time resting spent in this place.
 E = Time spent auto-exploring this place.
 F = Levels seen in this place.
 G = Mean time per level.
                   A        B        C        D        E       F      G
               +--------+--------+--------+--------+--------+-----+--------+
         Total |   2152 |   2127 |     25 |      0 |   1906 |   2 | 1076.0 |
       Dungeon |   2152 |   2127 |     25 |      0 |   1906 |   2 | 1076.0 |
               +--------+--------+--------+--------+--------+-----+--------+

Top non-repeatable levels by time:
     D:1: 1332 daAuts
     D:2: 820 daAuts
